 Dungeon Crawl Stone Soup version 0.21.1-1-g345015f (webtiles) character file.

20083 keltmir the Thaumaturge (level 12, -2/93 (94) HPs)
             Began as a Gnoll Skald on Apr 10, 2018.
             Was the Champion of Okawaru.
             Slain by a swamp worm (16 damage)
             ... on level 1 of the Lair of Beasts.
             The game lasted 01:16:19 (18098 turns).

keltmir the Thaumaturge (Gnoll Skald)              Turns: 18098, Time: 01:16:19

HP:   -2/93 (94)    AC: 12    Str: 18    XL:     12   Next: 75%
MP:   22/25         EV: 17    Int: 16    God:    Okawaru [******]
Gold: 712           SH:  0    Dex: 15    Spells: 8/29 levels left

rFire    + + .     SeeInvis .   b - +2 morningstar of Igrannob {pain, rF++ rC-}
rCold    . . .     Gourm    .   (no shield)
rNeg     . . .     Faith    .   V - +0 troll leather armour
rPois    +         Spirit   .   c - +0 helmet
rElec    .         Reflect  .   o - +2 cloak {rPois}
rCorr    +         Harm     .   d - +0 pair of gloves
MR       .....                  R - +0 pair of boots (curse)
Stlth    ++........             (no amulet)
HPRegen  1.65/turn              M - ring of resist corrosion
MPRegen  0.19/turn              I - ring of protection from cold

@: regenerating, very slow
A: distributed training, fangs 1, strong nose
a: Heroism, Finesse, Renounce Religion


You were on level 1 of the Lair of Beasts.
You worshipped Okawaru.
Okawaru was exalted by your worship.
You were not hungry.

You visited 2 branches of the dungeon, and saw 13 of its levels.

You collected 712 gold pieces.

Inventory:

Hand Weapons
 a - the +8 longbow "Zephyr" {speed, Dex+3 SInv}
   (You found it on level 7 of the Dungeon)

   Attacks with this weapon are significantly faster.
   It affects your dexterity (+3).
   It lets you see invisible.
 b - the +2 morningstar of Igrannob (weapon) {pain, rF++ rC-}
   (You found it on level 7 of the Dungeon)

   In the hands of one skilled in necromantic magic, it inflicts extra damage on
   living creatures.
   It greatly protects you from fire.
   It makes you vulnerable to cold.
 v - a +0 blowgun
 T - the +8 hunting sling "Jufiw" {flame, MP+9 Stlth+}
   (You found it on level 10 of the Dungeon)

   It causes projectiles fired from it to burn those they strike, causing extra
   injury to most foes and up to half again as much damage against particularly
   susceptible opponents.
   It affects your magic capacity (+9).
   It makes you more stealthy.
Missiles
 i - 296 arrows
 x - 5 curare-tipped needles
 D - a throwing net (quivered)
Armour
 c - a +0 helmet (worn)
 d - a +0 pair of gloves (worn)
 o - a +2 cloak of poison resistance (worn)
 r - a +2 leather armour of magic resistance
 L - the +7 plate armour of Uskayaw's Delight {rN++}
   (You took it off a big kobold on level 8 of the Dungeon)

   It greatly protects you from negative energy.
 R - a cursed +0 pair of boots (worn)
 V - a +0 troll leather armour (worn)
Jewellery
 z - an uncursed ring of fire
 I - a ring of protection from cold (right hand)
 J - an uncursed ring of see invisible
 M - a ring of resist corrosion (left hand)
Wands
 l - a wand of flame (32)
 H - a wand of iceblast (13)
 N - a wand of disintegration (15)
 P - a wand of polymorph (13)
 Y - a wand of digging (22)
Scrolls
 e - 2 scrolls of magic mapping
 g - a scroll of enchant weapon
 j - 6 scrolls of remove curse
 m - a scroll of random uselessness {unknown}
 y - a scroll of amnesia
 A - a scroll of fear
 B - a scroll of noise {unknown}
 C - 2 scrolls of blinking
 E - a scroll of torment {unknown}
 G - a scroll of immolation {unknown}
 O - 3 scrolls of teleportation
 Q - a scroll of brand weapon
Potions
 f - 4 potions of curing
 h - a potion of agility
 n - 2 potions of ambrosia
 p - a potion of resistance
 q - 2 potions of cancellation
 s - 2 potions of berserk rage
 t - 3 potions of might
 u - 2 potions of invisibility
 K - a potion of flight
 U - a potion of haste
 X - 2 potions of heal wounds
Books
 k - a book of Cantrips

   Spells                             Type                      Level
   a - Confusing Touch                Hexes                        1
   b - Animate Skeleton               Necromancy                   1
   c - Summon Small Mammal            Summoning                    1
   d - Apportation                    Translocation                1
 F - a book of Flames

   Spells                             Type                      Level
   a - Flame Tongue                   Conjuration/Fire             1
   b - Throw Flame                    Conjuration/Fire             2
   c - Conjure Flame                  Conjuration/Fire             3
   d - Inner Flame                    Hexes/Fire                   3
   e - Sticky Flame                   Conjuration/Fire             4
   f - Fireball                       Conjuration/Fire             5
 S - a book of Minor Magic

   Spells                             Type                      Level
   a - Magic Dart                     Conjuration                  1
   b - Blink                          Translocation                2
   c - Call Imp                       Summoning                    2
   d - Slow                           Hexes                        2
   e - Conjure Flame                  Conjuration/Fire             3
   f - Mephitic Cloud                 Conjuration/Poison/Air       3
Comestibles
 w - 35 rations


   Skills:
 + Level 8.8 Fighting
 + Level 7.4 Short Blades
 + Level 7.4 Long Blades
 + Level 7.4 Axes
 + Level 8.8 Maces & Flails
 + Level 7.4 Polearms
 + Level 7.4 Staves
 + Level 7.4 Slings
 + Level 7.4 Bows
 + Level 7.4 Crossbows
 + Level 7.4 Throwing
 + Level 7.9 Armour
 + Level 8.8 Dodging
 + Level 7.4 Stealth
 + Level 7.4 Shields
 + Level 7.4 Unarmed Combat
 + Level 9.1 Spellcasting
 + Level 6.2 Conjurations
 + Level 6.2 Hexes
 + Level 8.3 Charms
 + Level 6.2 Summonings
 + Level 6.2 Necromancy
 + Level 6.2 Translocations
 + Level 6.2 Transmutations
 + Level 6.2 Fire Magic
 + Level 6.2 Ice Magic
 + Level 6.2 Air Magic
 + Level 6.2 Earth Magic
 + Level 6.2 Poison Magic
 + Level 8.2 Invocations
 + Level 7.4 Evocations


You had 8 spell levels left.
You knew the following spells:

 Your Spells              Type           Power        Failure   Level  Hunger
a - Infusion              Chrm           ####         1%          1    None
b - Shroud of Golubria    Chrm/Tloc      ####......   1%          2    None
c - Spectral Weapon       Hex/Chrm       ####....     1%          3    #......
d - Regeneration          Chrm/Necr      ####......   1%          3    #......
e - Song of Slaying       Chrm           ####....     1%          2    None
f - Conjure Flame         Conj/Fire      ####....     2%          3    #......
g - Blink                 Tloc           N/A          1%          2    None
h - Fireball              Conj/Fire      ####......   24%         5    #####..


Dungeon Overview and Level Annotations

Branches:
Dungeon (12/15)            Temple (0/1) D:6            Lair (1/6) D:9
    Orc (0/2) D:11

Altars:
Ashenzari
Cheibriados
Elyvilon
Gozag
Okawaru
Ru
Vehumet
Wu Jian
Zin
The Shining One

Annotations:
D:9 2 transporters


Innate Abilities, Weirdness & Mutations

Your experience applies equally to all skills.
You have very sharp teeth.
Your uncanny sense of smell can sniff out nearby items.


Message History

The swamp worm barely misses you. The swamp worm misses you.
The swamp worm bites you. The swamp worm bites you!
Things that are here:
2 arrows; a worm corpse
Casting: Spectral Weapon
Confirm with . or Enter, or press ? or * to list all spells.
The +8 longbow "Zephyr" {speed, Dex+3 SInv} vibrates crazily for a second.
Pain shudders through your arm!
b - the +2 morningstar of Igrannob (weapon)
{pain, rF++ rC-} The swamp worm bites you!
The swamp worm closely misses you.
Casting: Spectral Weapon
Confirm with . or Enter, or press ? or * to list all spells.
Your skin crawls.
The swamp worm barely misses you. The swamp worm misses you.
The swamp worm bites you!! The swamp worm closely misses you.
The swamp worm bites you!!
* * * LOW HITPOINT WARNING * * *
The swamp worm barely misses you. The swamp worm misses you.
The swamp worm bites you but does no damage.
The swamp worm bites you!
You die...

#..................# ###
...................####.#
..............###.......#
.P............#≈≈..##..##
.#..........#≈≈≈≈≈≈≈##..#
.######.#..†≈≈≈≈≈≈≈≈≈≈#.#
.###.#.###≈≈≈#######≈≈≈.#
#.........≈≈##(ww≈≈#P≈≈.#
#......###≈≈#$≈w@≈(≈≈≈≈##
.......# #≈≈##(≈≈w≈#≈≈≈#
.#.....# #≈≈≈#######≈≈≈##
###....####≈≈≈≈≈≈≈≈≈≈≈≈≈#
##......#.###≈≈≈≈≈≈≈≈≈###
###..................## #
#........#####....##
####.P#>#..P##.......##
......................#


You could see 4 swamp worms.

Vanquished Creatures
  2 hydras
  2 two-headed ogres
  Nergalle (Lair:1)
  2 cyclopes (D:11)
  An ugly thing (D:12)
  Joseph (D:9)
  An elephant (D:9)
  A black mamba (Lair:1)
  Maurice (D:11)
  A gargoyle (D:11)
  2 komodo dragons (Lair:1)
  2 trolls
  6 blink frogs (Lair:1)
  A hornet (D:9)
  2 dream sheep (D:8)
  Prince Ribbit (Lair:1)
  6 hippogriffs
  5 yaks
  3 wyverns
  A basilisk (D:11)
  4 hungry ghosts
  A swamp worm (Lair:1)
  4 water moccasins
  3 porcupines (Lair:1)
  6 orc warriors
  A sky beast (D:7)
  An eye of draining (D:11)
  2 phantoms
  A black bear (D:4)
  3 necrophages
  8 ogres
  11 centaurs
  6 wolves (Lair:1)
  2 crocodiles (D:9)
  4 bullfrogs
  The ghost of Zgarb the Caller, an amateur DESu (D:4)
  3 big kobolds (D:8)
  A gnoll sergeant (D:8)
  4 scorpions
  13 killer bees
  14 wights
  An electric eel (D:8)
  A bullfrog zombie (D:7)
  7 crimson imps
  2 howler monkeys
  2 quasits
  9 orc priests
  4 jellies
  A bullfrog skeleton (D:12)
  7 hounds
  Terence (D:3)
  3 iguanas
  6 worker ants
  13 orc wizards
  A killer bee zombie (D:7)
  3 hound zombies
  A hound skeleton (D:11)
  11 adders
  12 gnolls
  4 shadow imps
  6 oozes
  2 adder skeletons
  5 dart slugs
  17 worms
  7 leopard geckos
  67 orcs
  6 giant cockroaches
  10 goblins
  9 hobgoblins
  13 jackals
  5 quokkas
  11 bats
  4 frilled lizards
  A giant cockroach zombie (D:6)
  9 kobolds
  A quokka skeleton (D:8)
  11 rats
  A plant (Lair:1)
409 creatures vanquished.

Vanquished Creatures (others)
  A killer bee (D:12)
  2 plants (Lair:1)
  3 spectral weapons
6 creatures vanquished.

Grand Total: 415 creatures vanquished

Notes
Turn   | Place    | Note
-------+----------+-------------------------------------------
     0 | D:1      | keltmir the Gnoll Skald began the quest for the Orb.
     0 | D:1      | Reached XP level 1. HP: 20/20 MP: 6/6
     1 | D:1      | Found a runed door.
     4 | D:1      | Noticed a jelly
   229 | D:1      | Reached XP level 2. HP: 23/26 MP: 7/7
   233 | D:1      | Learned a level 2 spell: Shroud of Golubria
  1062 | D:2      | Reached XP level 3. HP: 16/31 MP: 5/9
  1215 | D:2      | Reached skill level 5 in Spellcasting
  1403 | D:2      | Learned a level 3 spell: Spectral Weapon
  1407 | D:2      | Learned a level 3 spell: Regeneration
  1802 | D:1      | Reached skill level 1 in Invocations
  1828 | D:2      | Reached skill level 1 in Short Blades
  1828 | D:2      | Reached skill level 1 in Long Blades
  1828 | D:2      | Reached skill level 1 in Axes
  1828 | D:2      | Reached skill level 1 in Polearms
  1828 | D:2      | Reached skill level 1 in Staves
  1828 | D:2      | Reached skill level 1 in Slings
  1828 | D:2      | Reached skill level 1 in Bows
  1828 | D:2      | Reached skill level 1 in Crossbows
  1828 | D:2      | Reached skill level 1 in Throwing
  1828 | D:2      | Reached skill level 1 in Stealth
  1828 | D:2      | Reached skill level 1 in Shields
  1828 | D:2      | Reached skill level 1 in Unarmed Combat
  1828 | D:2      | Reached skill level 1 in Evocations
  2084 | D:2      | Found an iron altar of Okawaru.
  2108 | D:2      | Reached XP level 4. HP: 22/38 MP: 6/11
  2128 | D:2      | Became a worshipper of Warmaster Okawaru
  2275 | D:2      | Found a glowing silver altar of Zin.
  2276 | D:2      | Found a sacrificial altar of Ru.
  2276 | D:2      | Found a radiant altar of Vehumet.
  2277 | D:2      | Found a snail-covered altar of Cheibriados.
  2278 | D:2      | Found an ornate altar of the Wu Jian Council.
  2279 | D:2      | Found an opulent altar of Gozag.
  2281 | D:2      | Found a glowing golden altar of the Shining One.
  2640 | D:2      | Reached skill level 1 in Conjurations
  2640 | D:2      | Reached skill level 1 in Hexes
  2640 | D:2      | Reached skill level 1 in Summonings
  2640 | D:2      | Reached skill level 1 in Necromancy
  2640 | D:2      | Reached skill level 1 in Translocations
  2640 | D:2      | Reached skill level 1 in Transmutations
  2640 | D:2      | Reached skill level 1 in Fire Magic
  2640 | D:2      | Reached skill level 1 in Ice Magic
  2640 | D:2      | Reached skill level 1 in Air Magic
  2640 | D:2      | Reached skill level 1 in Earth Magic
  2640 | D:2      | Reached skill level 1 in Poison Magic
  2769 | D:2      | Learned a level 2 spell: Song of Slaying
  2781 | D:2      | Reached XP level 5. HP: 25/43 MP: 8/12
  3161 | D:3      | Noticed an ogre
  3381 | D:3      | Found a white marble altar of Elyvilon.
  3773 | D:3      | Reached XP level 6. HP: 24/50 MP: 13/13
  3886 | D:3      | Reached * piety under Okawaru
  3886 | D:3      | Reached skill level 5 in Fighting
  3886 | D:3      | Reached skill level 5 in Maces & Flails
  3886 | D:3      | Reached skill level 5 in Dodging
  4189 | D:3      | Noticed Terence
  4197 | D:3      | Killed Terence
  4470 | D:4      | Reached XP level 7. HP: 28/56 MP: 15/15
  4782 | D:4      | You fall through a shaft for 3 floors!
  5075 | D:7      | Found the +8 longbow "Zephyr" {speed, Dex+3 SInv}
  5092 | D:7      | Reached ** piety under Okawaru
  5111 | D:7      | Reached XP level 8. HP: 35/63 MP: 14/16
  5312 | D:7      | Got an ichor-stained morningstar
  5313 | D:7      | Identified the +2 morningstar of Igrannob {pain, rF++ rC-} (You found it on level 7 of the Dungeon)
  5698 | D:5      | Entered Level 5 of the Dungeon
  5707 | D:5      | Reached skill level 6 in Spellcasting
  6257 | D:4      | Noticed Zgarb's ghost (amateur DESu)
  6311 | D:4      | Killed Zgarb's ghost
  6394 | D:4      | Reached *** piety under Okawaru
  6445 | D:4      | Reached XP level 9. HP: 68/69 MP: 18/18
  6916 | D:5      | You fall through a shaft for 3 floors!
  7678 | D:6      | Reached skill level 5 in Armour
  8190 | D:6      | Found a staircase to the Ecumenical Temple.
  8617 | D:7      | Reached **** piety under Okawaru
  8739 | D:8      | Received a gift from Okawaru
  8819 | D:7      | Reached skill level 5 in Invocations
  9191 | D:7      | Learned a level 3 spell: Conjure Flame
  9595 | D:8      | Reached XP level 10. HP: 77/77 MP: 20/20
  9599 | D:8      | Reached skill level 7 in Spellcasting
  9678 | D:8      | Got a crude plate armour
  9689 | D:8      | Identified the +7 plate armour of Uskayaw's Delight {rN++} (You took it off a big kobold on level 8 of the Dungeon)
  9711 | D:8      | Noticed a three-headed hydra
  9929 | D:7      | Reached skill level 5 in Short Blades
  9929 | D:7      | Reached skill level 5 in Long Blades
  9929 | D:7      | Reached skill level 5 in Axes
  9929 | D:7      | Reached skill level 5 in Polearms
  9929 | D:7      | Reached skill level 5 in Staves
  9929 | D:7      | Reached skill level 5 in Slings
  9929 | D:7      | Reached skill level 5 in Bows
  9929 | D:7      | Reached skill level 5 in Crossbows
  9929 | D:7      | Reached skill level 5 in Throwing
  9929 | D:7      | Reached skill level 5 in Stealth
  9929 | D:7      | Reached skill level 5 in Shields
  9929 | D:7      | Reached skill level 5 in Unarmed Combat
  9929 | D:7      | Reached skill level 5 in Evocations
 10186 | D:7      | Killed a three-headed hydra
 10186 | D:7      | Received a gift from Okawaru
 10782 | D:8      | Found a shattered altar of Ashenzari.
 11264 | D:9      | Found a transporter.
 11269 | D:9      | Noticed an orc high priest
 11270 | D:9      | Noticed an orc high priest
 11272 | D:9      | Noticed an orc high priest
 11346 | D:9      | Reached ***** piety under Okawaru
 11454 | D:9      | Received a gift from Okawaru
 11872 | D:9      | Noticed Joseph
 11894 | D:9      | Killed Joseph
 11894 | D:9      | Received a gift from Okawaru
 11894 | D:9      | Reached XP level 11. HP: 41/84 MP: 12/22
 12268 | D:9      | Found a staircase to the Lair.
 12353 | D:9      | Found a transporter.
 12360 | D:9      | Noticed a two-headed ogre
 12371 | D:9      | Killed a two-headed ogre
 12371 | D:9      | Reached skill level 5 in Conjurations
 12371 | D:9      | Reached skill level 5 in Hexes
 12371 | D:9      | Reached skill level 5 in Summonings
 12371 | D:9      | Reached skill level 5 in Necromancy
 12371 | D:9      | Reached skill level 5 in Translocations
 12371 | D:9      | Reached skill level 5 in Transmutations
 12371 | D:9      | Reached skill level 5 in Fire Magic
 12371 | D:9      | Reached skill level 5 in Ice Magic
 12371 | D:9      | Reached skill level 5 in Air Magic
 12371 | D:9      | Reached skill level 5 in Earth Magic
 12371 | D:9      | Reached skill level 5 in Poison Magic
 12598 | D:9      | Reached skill level 8 in Spellcasting
 12793 | D:10     | Entered Level 10 of the Dungeon
 13116 | D:10     | Got a slimy hunting sling
 13117 | D:10     | Identified the +8 hunting sling "Jufiw" {flame, MP+9 Stlth+} (You found it on level 10 of the Dungeon)
 13804 | D:11     | Found a staircase to the Orcish Mines.
 13880 | D:11     | Received a gift from Okawaru
 14547 | D:11     | Noticed a cyclops
 14586 | D:11     | Killed a cyclops
 14755 | D:11     | Noticed a two-headed ogre
 14762 | D:11     | Killed a two-headed ogre
 14764 | D:11     | Noticed Maurice
 14775 | D:11     | Killed Maurice
 14775 | D:11     | Reached ****** piety under Okawaru
 14961 | D:11     | Received a gift from Okawaru
 15266 | D:11     | Noticed a cyclops
 15280 | D:11     | Killed a cyclops
 15447 | D:11     | Reached XP level 12. HP: 60/93 MP: 20/24
 16357 | D:12     | Learned a level 2 spell: Blink
 17072 | Lair:1   | Entered Level 1 of the Lair of Beasts
 17241 | Lair:1   | Noticed Nergalle
 17253 | Lair:1   | Killed Nergalle
 17296 | Lair:1   | Noticed a six-headed hydra
 17302 | Lair:1   | Killed a six-headed hydra
 17468 | Lair:1   | Reached skill level 9 in Spellcasting
 17716 | Lair:1   | Noticed Prince Ribbit
 17723 | Lair:1   | Received a gift from Okawaru
 17725 | Lair:1   | Killed Prince Ribbit
 17816 | Lair:1   | Learned a level 5 spell: Fireball
 18098 | Lair:1   | Slain by a swamp worm

Skill      XL: |  1  2  3  4  5  6  7  8  9 10 11 12 |
---------------+-------------------------------------+-----
Spellcasting   | 5 6 7 8 9 |  9.1
Invocations    | 1 2 3 4 5 6 7 8 |  8.2
Short Blades   | 1 2 3 4 5 6 7 |  7.4
Long Blades    | 1 2 3 4 5 6 7 |  7.4
Axes           | 1 2 3 4 5 6 7 |  7.4
Polearms       | 1 2 3 4 5 6 7 |  7.4
Staves         | 1 2 3 4 5 6 7 |  7.4
Slings         | 1 2 3 4 5 6 7 |  7.4
Bows           | 1 2 3 4 5 6 7 |  7.4
Crossbows      | 1 2 3 4 5 6 7 |  7.4
Throwing       | 1 2 3 4 5 6 7 |  7.4
Stealth        | 1 2 3 4 5 6 7 |  7.4
Shields        | 1 2 3 4 5 6 7 |  7.4
Unarmed Combat | 1 2 3 4 5 6 7 |  7.4
Evocations     | 1 2 3 4 5 6 7 |  7.4
Conjurations   | 1 2 3 4 5 6 |  6.2
Hexes          | 1 2 3 4 5 6 |  6.2
Summonings     | 1 2 3 4 5 6 |  6.2
Necromancy     | 1 2 3 4 5 6 |  6.2
Translocations | 1 2 3 4 5 6 |  6.2
Transmutations | 1 2 3 4 5 6 |  6.2
Fire Magic     | 1 2 3 4 5 6 |  6.2
Ice Magic      | 1 2 3 4 5 6 |  6.2
Air Magic      | 1 2 3 4 5 6 |  6.2
Earth Magic    | 1 2 3 4 5 6 |  6.2
Poison Magic   | 1 2 3 4 5 6 |  6.2
Armour         | 3 4 5 6 7 |  7.9
Fighting       | 5 6 7 8 |  8.8
Maces & Flails | 5 6 7 8 |  8.8
Dodging        | 5 6 7 8 |  8.8
Charms         | 6 7 8 |  8.3

Action                   |  1- 3 |  4- 6 |  7- 9 | 10-12 || total
-------------------------+-------+-------+-------+-------++-------
Melee: Mace              |   122 |    86 |       |       ||   208
       Bite              |     8 |    18 |    19 |    31 ||    76
       Punch             |       |     2 |     3 |     6 ||    11
       War axe           |       |    95 |    52 |       ||   147
       Morningstar       |       |       |   182 |   263 ||   445
 Fire: Longbow           |       |       |   100 |   367 ||   467
 Cast: Infusion          |     6 |       |       |       ||     6
       Shroud of Golubri |     6 |     2 |       |     1 ||     9
       Spectral Weapon   |     4 |    11 |     6 |    19 ||    40
       Regeneration      |       |       |       |    11 ||    11
  Use: Scroll            |     2 |     3 |     7 |     9 ||    21
       Potion            |       |       |       |     2 ||     2
 Stab: Sleeping          |       |     4 |     1 |     1 ||     6
       Distracted        |       |       |     1 |       ||     1
  Eat: Chunk             |     1 |     8 |    17 |    22 ||    48
       Ration            |     1 |       |       |     2 ||     3
Armor: Leather armour    |    37 |    16 |    84 |   106 ||   243
       Ring mail         |       |    40 |       |       ||    40
       Troll leather arm |       |       |       |    15 ||    15
Dodge: Dodged            |   151 |   183 |   298 |   401 ||  1033
